 Dungeon Crawl Stone Soup version 0.31-a0-1308-ga3cce3a448 (webtiles) character file.

Game seed: 13906101898406659845

9328 grandjackal the Eye of the Storm (level 11, -9/92 HPs)
             Began as a Demonspawn Gladiator on Dec 20, 2023.
             Was a Priest of Qazlal.
             Mangled by Grum
             ... wielding a +1 glaive
              (24 damage)
             ... on level 10 of the Dungeon.
             The game lasted 00:08:42 (7742 turns).

grandjackal the Eye of the Storm (DsGl)             Turns: 7742, Time: 00:08:43

Health: -9/92      AC: 13    Str: 17    XL:     11   Next: 21%
Magic:  26/29      EV: 18    Int: 12    God:    Qazlal [***...]
Gold:   315        SH:  4    Dex: 18    Spells: 10/10 levels left

rFire   . . .        p - +5 rapier "Meunis" {freeze, MP+9 Str+2 Int+3}
rCold   . . .        (no shield)
rNeg    . . .        B - +5 ring mail "Ytaorrim" {Rampage}
rPois   .            r - +1 hat {Will+}
rElec   .            (no cloak)
rCorr   .            k - +0 pair of gloves
SInv    .            (boots unavailable)
Will    ++...        I - amulet of regeneration
Stlth   +            u - ring of willpower
HPRegen 2.15/turn    j - +5 ring of evasion
MPRegen 0.21/turn

%: rampage
@: no status effects
A: hooves 3, foul stench 1, powered by death 1, sharp scales 1
a: Renounce Religion, Upheaval, Elemental Force


You were on level 10 of the Dungeon.
You worshipped Qazlal.
Qazlal was most pleased with you.
You visited 2 branches of the dungeon, and saw 11 of its levels.

You collected 528 gold pieces.
You spent 213 gold pieces at shops.

Inventory:

Hand Weapons
 p - the +5 rapier "Meunis" (weapon) {freeze, MP+9 Str+2 Int+3}
   (You found it on level 2 of the Dungeon)

   Str+2:     It affects your strength (+2).
   Int+3:     It affects your intelligence (+3).
   MP+9:      It affects your magic capacity (+9).
 E - a +2 scimitar
Missiles
 d - 2 throwing nets (quivered)
 e - a javelin
Armour
 k - a +0 pair of gloves (worn)
 r - a +1 hat of willpower (worn)
 B - the +5 ring mail "Ytaorrim" (worn) {Rampage}
   (You found it on level 5 of the Dungeon)

   Rampage:   It bestows one free step when moving towards enemies.
Jewellery
 c - a ring of positive energy
 j - a +5 ring of evasion (right hand)
 u - a ring of willpower (left hand)
 y - the amulet "Ummigis" {RegenMP rPois rC++ Str-2 Stlth+}
   (You took it off a hobgoblin on level 4 of the Dungeon)

   [amulet of magic regeneration]

   RegenMP:   It increases your rate of magic regeneration.
   Str-2:     It affects your strength (-2).
   rC++:      It greatly protects you from cold.
   rPois:     It protects you from poison Stlth+: It makes you more stealthy.
 I - an amulet of regeneration (around neck)
Wands
 b - a wand of quicksilver (10)
 A - a wand of flame (27)
 F - a wand of paralysis (5)
 H - a wand of polymorph (7)
Scrolls
 h - 2 scrolls of enchant armour {unknown}
 i - a scroll of vulnerability {unknown}
 n - a scroll of amnesia {unknown}
 o - 4 scrolls of poison {unknown}
 t - a scroll of torment {unknown}
 v - a scroll of immolation {unknown}
 w - 2 scrolls of butterflies {unknown}
 x - a scroll of noise {unknown}
 z - a scroll of fog {unknown}
 C - a scroll of enchant weapon {unknown}
 D - a scroll of teleportation {unknown}
 G - a scroll of blinking {unknown}
Potions
 a - a potion of might
 f - 5 potions of lignification
 g - 4 potions of curing {unknown}
 l - 2 potions of degeneration {unknown}
 m - 4 potions of mutation
 q - 2 potions of brilliance
 s - 2 potions of attraction
 J - a potion of haste {unknown}


   Skills:
 + Level 10.5 Fighting
 + Level 9.8 Long Blades
 - Level 2.0 Throwing
 - Level 4.2 Dodging
 + Level 12.1 Invocations


You had 10 spell levels left.
You didn't know any spells.
Your spell library contained the following spells:

 Spells                   Type           Power      Damage    Failure   Level
 Slow                     Hex            0%         N/A       52%         1
 Blink                    Tloc           0%         N/A       67%         2
 Sublimation of Blood     Necr           0%         N/A       67%         2
 Call Canine Familiar     Summ           0%         N/A       88%         3
 Confusing Touch          Hex            0%         N/A       88%         3
 Inner Flame              Hex/Fire       0%         N/A       88%         3
 Sigil of Binding         Hex            0%         N/A       88%         3
 Vampiric Draining        Necr           0%         2d6       88%         3
 Dimensional Bullseye     Hex/Tloc       0%         N/A       99%         4
 Flame Wave               Conj/Fire      0%         2d4       99%         4
 Manifold Assault         Tloc           0%         N/A       99%         4
 Petrify                  Tmut/Erth      0%         N/A       99%         4
 Sticky Flame             Conj/Fire      0%         2d3       99%         4
 Irradiate                Conj/Tmut      0%         3d11      100%        5


Dungeon Overview and Level Annotations

Branches:
Dungeon (10/15)            Temple (1/1) D:4            Lair (0/5) D:9
    Orc: D:9-12

Altars:
Ashenzari
Cheibriados
Dithmenos
Fedhas
Gozag
Hepliaklqana
Kikubaaqudgha
Makhleb
Nemelex Xobeh
Okawaru
Qazlal
Ru
Sif Muna
Trog
Uskayaw
Vehumet
Wu Jian
Xom
Yredelemnul

Shops:
D:8 *

Annotations:
D:10 Grum


Innate Abilities, Weirdness & Mutations

You have hooves in place of feet.
You may rarely emit foul miasma when damaged in melee.
You regenerate a little health from kills.
You are partially covered in razor-sharp scales. (AC +1, Slay +1)


Message History

Something hits you!!
The shadow slips into darkness.
The shadow flickers and vanishes!
Something unexpectedly blocks you, preventing you from rampaging!
You hit something but do no damage. You kick something.
Something unexpectedly blocks you, preventing you from rampaging!
You hit something. You freeze something. Your kick misses something.
You hear some strange, mumbled words.
A bolt of magma appears from out of thin air!
The bolt of magma hits you!!
* * * LOW HITPOINT WARNING * * *
Grum completely misses you.
Okay, then.
Okay, then.
Something unexpectedly blocks you, preventing you from rampaging!
You closely miss something. Something closely misses you. Grum misses you.
Something unexpectedly blocks you, preventing you from rampaging!
You hit something. You freeze something. You kick something.
Something hits you.
* * * LOW HITPOINT WARNING * * *
Grum barely misses you.
Something unexpectedly blocks you, preventing you from rampaging!
You hit something. You freeze something. You kick something.
Grum hits you from afar with a +1 glaive.
* * * LOW HITPOINT WARNING * * *
Something unexpectedly blocks you, preventing you from rampaging!
You miss something. Something hits you.
* * * LOW HITPOINT WARNING * * *
Okay, then.
Aiming: Upheaval
Press: ? - help, Dir - move target, f - Grum
Aim: Grum, wielding a +1 glaive, wearing a +0 animal skin and quivering stones Magma suddenly erupts from the ground!
The blast of magma engulfs something!!
The blast of magma engulfs the wolf!!
You kill the wolf!
Qazlal accepts your kill.
The blast of magma engulfs Grum!!
Grum is severely wounded.
Grum hits you from afar with a +1 glaive!!
You die...

#...........
#..#...#...# #...#$#...#
.o..#...# #........
#.#...#... ###..#?#...#
############.....#...#c
#......)@{g{.#.†.......y
##.########.##.#...#...#
........#..#=#...#.
#..ch....#...#.
#....#.........
#....############
#................
#...############# #...


You could see Grum.

Vanquished Creatures
  Gastronok (D:9)
  A centaur warrior (D:10)
  2 elephants (D:9)
  An unseen horror (D:10)
  A troll (D:10)
  A hornet (D:8)
  19 yaks
  A wyvern (D:10)
  3 steam dragons
  A vampire mosquito (D:10)
  An acid dragon (D:10)
  2 orc warriors
  3 black bears
  An ice beast (D:8)
  A sky beast (D:6)
  A centaur (D:9)
  2 wolves (D:10)
  A kobold brigand (D:8)
  Blork the orc (D:5)
  5 bullfrogs
  2 scorpions
  4 wights (D:6)
  2 killer bees (D:10)
  A vampire bat (D:3)
  4 howler monkeys
  A jelly (D:6)
  3 hounds
  6 orc priests
  A gnoll bouda (D:8)
  An iguana (D:6)
  2 sleepcaps
  8 orc wizards
  Natasha (thrice) (D:2)
  5 gnolls (D:8)
  10 adders
  2 shadow imps (D:6)
  A white imp (D:6)
  2 worms (D:2)
  2 dart slugs
  3 fire bats (D:3)
  27 orcs
  2 spectral bats (D:3)
  5 ball pythons
  12 bats
  3 bat skeletons (D:3)
  A bat zombie (D:3)
  4 endoplasms
  A giant cockroach (D:4)
  5 goblins
  7 hobgoblins
  8 kobolds
  3 quokkas
  A bat simulacrum (D:3)
  A frilled lizard (D:1)
  5 rats
197 creatures vanquished.

Notes
Turn   | Place    | Note
-------+----------+-------------------------------------------
     0 | D:1      | grandjackal the Demonspawn Gladiator began the quest for
                  | the Orb.
     0 | D:1      | Reached XP level 1. HP: 16/16 MP: 1/1
   264 | D:1      | Gained mutation: You have large cloven feet. [demonic
                  | ancestry]
   264 | D:1      | Reached XP level 2. HP: 16/22 MP: 2/2
   596 | D:1      | Found a faded altar of an unknown god.
  1138 | D:2      | Gained mutation: You regenerate a little health from kills.
                  | [demonic ancestry]
  1138 | D:2      | Reached XP level 3. HP: 28/28 MP: 3/3
  1144 | D:2      | Identified the +5 rapier "Meunis" {freeze, MP+9 Str+2
                  | Int+3}
  1293 | D:2      | Noticed Natasha
  1295 | D:2      | Killed Natasha
  1328 | D:2      | Gained mutation: You have hoof-like feet. [demonic
                  | ancestry]
  1328 | D:2      | Reached XP level 4. HP: 33/35 MP: 4/4
  1571 | D:2      | Noticed Natasha
  1579 | D:2      | Killed Natasha
  1852 | D:2      | Noticed Natasha
  1855 | D:2      | Killed Natasha
  1990 | D:3      | Reached XP level 5. HP: 40/41 MP: 5/5
  2501 | D:3      | Reached XP level 6. HP: 48/48 MP: 6/6
  2793 | D:4      | Identified the +1 chain mail "Qygojam" {Int+3}
  2920 | D:4      | Found a staircase to the Ecumenical Temple.
  2954 | Temple   | Entered the Ecumenical Temple
  3056 | Temple   | Became a worshipper of Qazlal Stormbringer
  3545 | D:4      | Identified the amulet "Ummigis" {RegenMP rPois rC++ Str-2
                  | Stlth+}
  3621 | D:4      | Reached skill level 1 in Invocations
  3739 | D:5      | Entered Level 5 of the Dungeon
  3861 | D:5      | Reached skill level 2 in Invocations
  3952 | D:5      | Gained mutation: You are partially covered in razor-sharp
                  | scales. (AC +1, Slay +1) [demonic ancestry]
  3952 | D:5      | Reached XP level 7. HP: 55/55 MP: 8/8
  3955 | D:5      | Identified the +5 ring mail "Ytaorrim" {Rampage}
  4065 | D:5      | Noticed a yak
  4065 | D:5      | Noticed a yak
  4066 | D:5      | Noticed a yak
  4066 | D:5      | Noticed a yak
  4069 | D:5      | Noticed a yak
  4069 | D:5      | Noticed a yak
  4082 | D:5      | Killed a yak
  4083 | D:5      | Reached skill level 5 in Fighting
  4083 | D:5      | Reached skill level 5 in Long Blades
  4083 | D:5      | Reached skill level 3 in Invocations
  4087 | D:5      | Killed a yak
  4088 | D:5      | Reached skill level 4 in Invocations
  4094 | D:5      | Killed a yak
  4103 | D:5      | Killed a yak
  4104 | D:5      | Reached skill level 5 in Invocations
  4104 | D:5      | Gained mutation: You may rarely emit foul miasma when
                  | damaged in melee. [demonic ancestry]
  4104 | D:5      | Reached XP level 8. HP: 8/64 MP: 11/11
  4114 | D:5      | Reached * piety under Qazlal
  4345 | D:5      | Noticed Blork the orc
  4349 | D:5      | Killed Blork the orc
  4350 | D:5      | Reached skill level 6 in Invocations
  4947 | D:6      | Reached skill level 7 in Invocations
  5060 | D:6      | Found a broken altar of Ashenzari.
  5062 | D:6      | Found a sparkling altar of Nemelex Xobeh.
  5261 | D:6      | Reached XP level 9. HP: 50/71 MP: 14/14
  5739 | D:7      | Reached ** piety under Qazlal
  5803 | D:7      | Reached skill level 8 in Invocations
  6568 | D:8      | Reached skill level 9 in Invocations
  6690 | D:8      | Gained mutation: You have hooves in place of feet. [demonic
                  | ancestry]
  6690 | D:8      | Reached XP level 10. HP: 73/82 MP: 17/17
  6777 | D:8      | Found Hoant's Assorted Antiques.
  6782 | D:8      | Bought a green potion for 27 gold pieces
  6782 | D:8      | Bought a scroll labelled NOTZEA SOBE for 31 gold pieces
  6782 | D:8      | Bought a square brass amulet for 155 gold pieces
  7010 | D:9      | Noticed Gastronok
  7077 | D:9      | Killed Gastronok
  7078 | D:9      | Reached skill level 10 in Invocations
  7215 | D:9      | Noticed an elephant
  7228 | D:9      | Killed an elephant
  7229 | D:9      | Reached skill level 11 in Invocations
  7229 | D:9      | Noticed an elephant
  7244 | D:9      | Killed an elephant
  7270 | D:9      | Reached *** piety under Qazlal
  7271 | D:9      | Reached skill level 10 in Fighting
  7295 | D:9      | Found a staircase to the Lair.
  7603 | D:10     | Entered Level 10 of the Dungeon
  7631 | D:10     | Noticed a centaur warrior
  7656 | D:10     | Reached XP level 11. HP: 27/90 MP: 19/19
  7717 | D:10     | Noticed Grum
  7721 | D:10     | Noticed an ogre mage
  7723 | D:10     | Reached skill level 12 in Invocations
  7734 | D:10     | Killed a centaur warrior
  7742 | D:10     | Mangled by Grum

Illustrated notes

Levels and vault maps discovered:
D:1:      psy_arrival_terrarium, layout_loops_corners,
          shapermc_ecumenical_altar_mp_highgroup
D:2:      layout_loops_ring, uniq_natasha
D:3:      layout_basic, goddamned_bats
D:4:      layout_rooms, minmay_temple_entry_enclosed_plants,
          serial_co_window_serial, co_window_paths_a, co_window_paths_a,
          co_window_paths_a, co_window_paths_a, co_window_corner_a,
          co_window_of_opportunity_a, co_window_corner_ca, co_window_corner_b,
          co_window_2corner, co_window_paths_c, co_window_cross_2,
          co_window_paths_e, co_window_sun, lemuel_flame_loot_1
D:5:      layout_loops_ring, uniq_blork_the_orc
D:6:      layout_cave_pods, chequers_temple_overflow_statue_of_worship,
          minmay_misc_feat_doors, grunt_decor_mini_mirrors, glass_columns_c
D:7:      layout_rooms
D:8:      layout_loops_corners, serial_shops, nicolae_shop_hallway_plus
D:9:      layout_cave_pools, grunt_lair_entry_orc_guard_hut,
          nicolae_concentric_dashed_squares_wild, uniq_gastronok
D:10:     cheibrodos_fzero, layout_basic, uniq_grum, uniq_sonja
Temple:   nicolae_temple_slightly_damp_pantheon

Skill      XL: |  1  2  3  4  5  6  7  8  9 10 11 |
---------------+----------------------------------+-----
Throwing       | 2 |  2.0
Long Blades    | 3 4 5 6 8 9 |  9.8
Dodging        | 3 4 |  4.2
Fighting       | 3 4 5 7 8 10 | 10.5
Invocations    | 2 5 7 9 11 12 | 12.1

Action                     |  1- 3 |  4- 6 |  7- 9 | 10-12 || total
---------------------------+-------+-------+-------+-------++-------
  Melee: Long sword        |    50 |       |       |       ||    50
         Kick              |    10 |    27 |    83 |    70 ||   190
         Rapier            |    14 |   152 |   243 |   171 ||   580
         Punch             |       |       |     5 |     6 ||    11
  Throw: Throwing net      |       |       |     2 |       ||     2
 Invoke: Upheaval          |       |       |       |     1 ||     1
    Use: Scroll            |       |       |       |     5 ||     5
         Potion            |       |       |       |     1 ||     1
   Stab: Sleeping          |       |     2 |       |       ||     2
         Held in net/web   |       |       |     2 |       ||     2
 Armour: Leather armour    |    39 |   114 |       |       ||   153
         Ring mail         |       |       |   116 |   107 ||   223
  Dodge: Dodged            |    40 |   155 |   151 |   167 ||   513
  Block: Other             |       |       |    17 |    25 ||    42

Table legend: (Time is in decaauts)
 A = Elapsed time spent in this place.
 B = Non-inter-level travel time spent in this place.
 C = Inter-level travel time spent in this place.
 D = Time resting spent in this place.
 E = Time spent auto-exploring this place.
 F = Levels seen in this place.
 G = Mean time per level.
                   A        B        C        D        E       F      G
               +--------+--------+--------+--------+--------+-----+--------+
         Total |   7751 |   7256 |    495 |    389 |   5468 |  11 |  704.6 |
       Dungeon |   7630 |   7154 |    476 |    389 |   5468 |  10 |  763.0 |
        Temple |    121 |    102 |     19 |      0 |      0 |   1 |  121.0 |
               +--------+--------+--------+--------+--------+-----+--------+

Top non-repeatable levels by time:
     D:4: 1025 daAuts
     D:8: 1012 daAuts
     D:2: 1001 daAuts
     D:6: 934 daAuts
     D:1: 910 daAuts
     D:5: 824 daAuts
     D:3: 772 daAuts
     D:9: 568 daAuts
     D:7: 447 daAuts
    D:10: 131 daAuts
  Temple: 121 daAuts
